 Dungeon Crawl Stone Soup version 0.27.1-1-g398f81649c (webtiles) character file.

Game seed: 9266410993041831219

5660 MisterFreud the Blocker (level 10, -5/82 HPs)
             Began as a Gnoll Fighter on Sept 7, 2021.
             Was an Initiate of Gozag.
             Slain by a vampire (11 damage)
             ... on level 9 of the Dungeon.
             The game lasted 00:15:24 (8153 turns).

MisterFreud the Blocker (Gnoll Fighter)             Turns: 8153, Time: 00:15:25

Health: -5/82      AC: 15    Str: 18    XL:     10   Next: 75%
Magic:  6/6        EV: 11    Int: 11    God:    Gozag
Gold:   1525       SH: 14    Dex: 18    Spells: 20/20 levels left

rFire    . . .     SeeInvis .   a - +3 hand axe (antimagic)
rCold    . . .     Faith    .   f - +2 kite shield
rNeg     . . .     Spirit   .   s - +0 scale mail
rPois    .         Reflect  .   (no helmet)
rElec    +         Harm     .   Q - +0 cloak
rCorr    .         Rampage  .   (no gloves)
Will     .....                  o - +0 pair of boots
Stlth    ++........             e - amulet of regeneration
HPRegen  1.23/turn              r - +4 ring of protection
MPRegen  0.10/turn              B - ring of Daisies {rElec Str+3 Dex+6 Slay+2}

@: no status effects
A: fangs 1, strong nose, distributed training
a: Renounce Religion, Potion Petition, Call Merchant, Bribe Branch


You were on level 9 of the Dungeon.
You worshipped Gozag.
Gozag was most pleased with you.
You visited 1 branch of the dungeon, and saw 9 of its levels.

You collected 1525 gold pieces.

Inventory:

Hand Weapons
 a - a +3 antimagic hand axe (weapon)
 b - a +4 hunting sling of flaming
 x - a +0 rapier
 R - a +4 dagger
Missiles
 d - a curare-tipped dart
 n - 10 boomerangs (quivered)
 p - 3 throwing nets
 y - 208 stones
 A - 47 sling bullets
 E - 39 poisoned darts
 J - 4 boomerangs of dispersal
 O - 7 javelins
Armour
 f - a +2 kite shield (worn)
 o - a +0 pair of boots (worn)
 s - a +0 scale mail (worn)
 Q - a +0 cloak (worn)
Jewellery
 e - an amulet of regeneration (around neck)
 r - a +4 ring of protection (left hand)
 B - the ring of Daisies (right hand) {rElec Str+3 Dex+6 Slay+2}
   (You found it on level 5 of the Dungeon)

   [ring of dexterity]

   Str:       It affects your strength (+3).
   Dex:       It affects your dexterity (+6).
   Slay:      It affects your accuracy & damage with ranged weapons and melee
   (+2).
   rElec:     It insulates you from electricity.
 H - a +4 ring of protection
 K - a ring of fire
Wands
 m - a wand of iceblast (22)
 N - a wand of digging (7)
 P - a wand of flame (41)
Scrolls
 g - a scroll of fog {unknown}
 h - 7 scrolls of identify {unknown}
 i - 2 scrolls of amnesia {unknown}
 k - 6 scrolls of teleportation {unknown}
 l - 3 scrolls of fear {unknown}
 t - a scroll of torment {unknown}
 u - 2 scrolls of noise {unknown}
 w - a scroll of holy word {unknown}
 F - a scroll of enchant weapon {unknown}
 M - 2 scrolls of enchant armour {unknown}
Potions
 c - 4 potions of mutation {unknown}
 j - a potion of attraction {unknown}
 q - a potion of brilliance {unknown}
 v - a potion of magic {unknown}
 z - a potion of degeneration {unknown}
 C - a potion of curing
 D - a potion of flight {unknown}
 G - a potion of might
 I - a potion of haste {unknown}
 L - a potion of berserk rage {unknown}
Miscellaneous
 S - a phantom mirror


   Skills:
 + Level 8.7 Fighting
 + Level 7.3 Short Blades
 + Level 5.5 Long Blades
 + Level 5.5 Axes
 + Level 5.5 Maces & Flails
 + Level 5.5 Polearms
 + Level 5.5 Staves
 + Level 5.5 Slings
 + Level 5.5 Bows
 + Level 5.5 Crossbows
 + Level 5.5 Throwing
 + Level 8.7 Armour
 + Level 5.5 Dodging
 + Level 5.5 Stealth
 + Level 8.7 Shields
 + Level 5.5 Unarmed Combat
 + Level 5.5 Spellcasting
 + Level 4.6 Conjurations
 + Level 4.6 Hexes
 + Level 4.6 Summonings
 + Level 4.6 Necromancy
 + Level 4.6 Translocations
 + Level 4.6 Transmutations
 + Level 4.6 Fire Magic
 + Level 4.6 Ice Magic
 + Level 4.6 Air Magic
 + Level 4.6 Earth Magic
 + Level 4.6 Poison Magic
 + Level 6.1 Invocations
 + Level 5.5 Evocations


You had 20 spell levels left.
You didn't know any spells.
Your spell library contained the following spells:

 Spells                   Type           Power      Damage    Failure   Level
 Foxfire                  Conj/Fire      52%        2x1d6     19%         1
 Sandblast                Erth           26%        2d8       19%         1
 Corpse Rot               Necr/Air       N/A        N/A       28%         2
 Passwall                 Tmut/Erth      10%        N/A       28%         2
 Poisonous Vapours        Pois/Air       26%        N/A       28%         2
 Static Discharge         Conj/Air       13%        N/A       28%         2
 Conjure Flame            Conj/Fire      13%        6-21      50%         3
 Inner Flame              Hex/Fire       13%        N/A       50%         3
 Airstrike                Air            6%         N/A       88%         4
 Olgreb's Toxic Radiance  Pois           13%        N/A       88%         4
 Summon Lightning Spire   Summ/Air       13%        N/A       88%         4
 Freezing Cloud           Conj/Ice/Air   6%         6-21      99%         5
 Lee's Rapid Deconstruct  Erth           6%         3d7*      99%         5
 Lightning Bolt           Conj/Air       6%         1d18      99%         5
 Ozocubu's Refrigeration  Ice            6%         4d6       100%        7
 Ignition                 Fire           6%         3d4       100%        8
 Maxwell's Capacitive Co  Air            6%         ∞         100%        8


Dungeon Overview and Level Annotations

Branches:
Dungeon (9/15)             Temple (0/1) D:7             Orc (0/2) D:9
   Lair: D:8-11

Altars:
Dithmenos
Fedhas
Gozag
Hepliaklqana
Kikubaaqudgha
Makhleb
Nemelex Xobeh
Trog
Uskayaw
Wu Jian
Xom
Yredelemnul

Shops:
D:5 *

Annotations:
D:3 1 runed translucent door, Garym's ghost, amateur HOFi
D:4 2 transporters


Innate Abilities, Weirdness & Mutations

You have very sharp teeth.
Your uncanny sense of smell can sniff out nearby items.
Your experience applies equally to all skills.


Message History

You closely miss something. Your bite misses something.
You completely miss something. Something hits you. Something bites you!
Something draws strength from your injuries!
You closely miss something. Something hits you but does no damage.
Something bites you but does no damage.
You slash something! You bite something. Something hits you!
Something bites you but does no damage.
You miss something. Something hits you but does no damage.
Something bites you but does no damage. Something hits you!
Something bites you but does no damage.
You hit something. Something hits you! Something bites you but does no damage.
You miss something. You bite something. Something hits you!
Something bites you.
Something draws strength from your injuries!
You barely miss something. You bite something. Something hits you.
Something bites you but does no damage.
You hit something. Something hits you. Something bites you but does no damage.
You hit something but do no damage. Something hits you but does no damage.
Something bites you.
Something draws strength from your injuries!
You hit something but do no damage. Something hits you but does no damage.
Something bites you but does no damage.
You miss something. Something hits you!
* * * LOW HITPOINT WARNING * * *
Something bites you!
* * * LOW HITPOINT WARNING * * *
Something draws strength from your injuries!
You miss something. You bite something. Something hits you but does no damage.
Something bites you!
* * * LOW HITPOINT WARNING * * *
Something draws strength from your injuries!
You miss something. You bite something.
You hear some strange, mumbled words.
Something tries to affect you, but you resist.
You slash something! Something hits you!
* * * LOW HITPOINT WARNING * * *
Something bites you but does no damage.
You hit something but do no damage. Something hits you!
You die...
Your body crumbles into a pile of gold.

#...######...##.#
## #...#
##...##.# #.".#
#.......# #...#
#....#### #...#
#....# #####
#....#
######....#
#.........##
#@########<# #{#
#.# ... ..# #..##
#### #).# #..#
#..# ...#


There were no monsters in sight!

Vanquished Creatures
  3 slime creatures
  A wraith (D:8)
  Sigmund (D:4)
  5 yaks (D:9)
  A steam dragon (D:8)
  Eustachio (D:3)
  3 vampire mosquitoes (D:5)
  A water moccasin (D:7)
  6 orc warriors
  3 sky beasts
  An ice beast (D:8)
  2 black bears
  An ogre (D:4)
  2 necrophages
  3 centaurs
  A phantom (D:5)
  4 kobold brigands
  2 wyvern zombies
  A bullfrog (D:7)
  A scorpion (D:5)
  3 wights (D:8)
  A centaur zombie (D:5)
  A bullfrog zombie (D:5)
  3 bullfrog skeletons
  4 hounds
  7 jellies
  An orc priest (D:6)
  Crazy Yiuf (D:7)
  3 iguanas
  Terence (D:3)
  5 orc wizards
  Ijyb (D:3)
  2 hound skeletons (D:4)
  7 adders
  2 howler monkey skeletons (D:6)
  An ufetubus (D:6)
  A dart slug (D:1)
  A worm (D:2)
  35 orcs
  2 bats
  10 endoplasms
  3 giant cockroaches
  12 goblins
  7 hobgoblins
  17 kobolds
  2 quokkas
  6 ball pythons
  3 frilled lizards
  10 rats
195 creatures vanquished.

Vanquished Creatures (others)
  5 dream sheep (D:6)
  A bush (D:6)
  6 fungi (D:6)
  9 toadstools (D:6)
  2 withered plants (D:3)
23 creatures vanquished.

Grand Total: 218 creatures vanquished

Notes
Turn   | Place    | Note
-------+----------+-------------------------------------------
     0 | D:1      | MisterFreud the Gnoll Fighter began the quest for the Orb.
     0 | D:1      | Reached XP level 1. HP: 23/23 MP: 1/1
   298 | D:1      | Reached XP level 2. HP: 28/29 MP: 2/2
   575 | D:1      | Reached XP level 3. HP: 35/35 MP: 3/3
   909 | D:2      | Reached skill level 1 in Invocations
  1072 | D:2      | Reached skill level 1 in Long Blades
  1072 | D:2      | Reached skill level 1 in Axes
  1072 | D:2      | Reached skill level 1 in Maces & Flails
  1072 | D:2      | Reached skill level 1 in Polearms
  1072 | D:2      | Reached skill level 1 in Staves
  1072 | D:2      | Reached skill level 1 in Slings
  1072 | D:2      | Reached skill level 1 in Bows
  1072 | D:2      | Reached skill level 1 in Crossbows
  1072 | D:2      | Reached skill level 1 in Throwing
  1072 | D:2      | Reached skill level 1 in Dodging
  1072 | D:2      | Reached skill level 1 in Stealth
  1072 | D:2      | Reached skill level 1 in Unarmed Combat
  1072 | D:2      | Reached skill level 1 in Spellcasting
  1072 | D:2      | Reached skill level 1 in Evocations
  1229 | D:2      | Noticed a black bear
  1342 | D:2      | Reached XP level 4. HP: 37/41 MP: 5/5
  1574 | D:2      | Found a faded altar of an unknown god.
  1582 | D:2      | Became a worshipper of Gozag Ym Sagoz the Greedy
  2186 | D:3      | Reached skill level 1 in Conjurations
  2186 | D:3      | Reached skill level 1 in Hexes
  2186 | D:3      | Reached skill level 1 in Summonings
  2186 | D:3      | Reached skill level 1 in Necromancy
  2186 | D:3      | Reached skill level 1 in Translocations
  2186 | D:3      | Reached skill level 1 in Transmutations
  2186 | D:3      | Reached skill level 1 in Fire Magic
  2186 | D:3      | Reached skill level 1 in Ice Magic
  2186 | D:3      | Reached skill level 1 in Air Magic
  2186 | D:3      | Reached skill level 1 in Earth Magic
  2186 | D:3      | Reached skill level 1 in Poison Magic
  2197 | D:3      | Noticed Ijyb
  2219 | D:3      | Killed Ijyb
  2220 | D:3      | Reached XP level 5. HP: 26/47 MP: 6/6
  2631 | D:3      | Noticed Terence
  2634 | D:3      | Found a bloodstained altar of Trog.
  2652 | D:3      | Killed Terence
  2807 | D:3      | Found a burning altar of Makhleb.
  2872 | D:3      | Found an ornate altar of the Wu Jian Council.
  3050 | D:3      | Found a runed translucent door.
  3050 | D:3      | Noticed Garym's ghost (amateur HOFi)
  3185 | D:4      | Noticed Eustachio
  3186 | D:4      | Found a transporter.
  3213 | D:3      | Killed Eustachio
  3214 | D:3      | Reached skill level 5 in Short Blades
  3214 | D:3      | Reached XP level 6. HP: 47/53 MP: 7/9
  3256 | D:4      | Noticed a necrophage
  3267 | D:4      | Killed a necrophage
  3275 | D:4      | Reached XP level 7. HP: 60/60 MP: 10/10
  3289 | D:4      | Identified the +1 leather armour "Baybeawa" {MP+9 Int-4
                  | Dex+5}
  3354 | D:4      | Noticed Sigmund
  3465 | D:4      | Found a transporter.
  3743 | D:4      | Killed Sigmund
  3744 | D:4      | Reached XP level 8. HP: 67/67 MP: 10/12
  4008 | D:5      | Entered Level 5 of the Dungeon
  4020 | D:5      | Identified the ring of Daisies {rElec Str+3 Dex+6 Slay+2}
  4038 | D:5      | Found Gozag's Platinum Reserve.
  4589 | D:5      | Found an opulent altar of Gozag.
  4736 | D:5      | Reached XP level 9. HP: 68/72 MP: 14/14
  4887 | D:6      | Found a sparkling altar of Nemelex Xobeh.
  4900 | D:6      | Found an ancient bone altar of Kikubaaqudgha.
  5104 | D:6      | Found a hide-covered altar of Uskayaw.
  5148 | D:6      | Noticed a troll
  5358 | D:6      | Found a shimmering altar of Xom.
  5455 | D:6      | Found a shadowy altar of Dithmenos.
  5786 | D:5      | Reached skill level 5 in Invocations
  6018 | D:6      | Reached XP level 10. HP: 75/80 MP: 17/17
  6279 | D:7      | Found a staircase to the Ecumenical Temple.
  6501 | D:7      | Reached skill level 5 in Long Blades
  6501 | D:7      | Reached skill level 5 in Axes
  6501 | D:7      | Reached skill level 5 in Maces & Flails
  6501 | D:7      | Reached skill level 5 in Polearms
  6501 | D:7      | Reached skill level 5 in Staves
  6501 | D:7      | Reached skill level 5 in Slings
  6501 | D:7      | Reached skill level 5 in Bows
  6501 | D:7      | Reached skill level 5 in Crossbows
  6501 | D:7      | Reached skill level 5 in Throwing
  6501 | D:7      | Reached skill level 5 in Dodging
  6501 | D:7      | Reached skill level 5 in Stealth
  6501 | D:7      | Reached skill level 5 in Unarmed Combat
  6501 | D:7      | Reached skill level 5 in Spellcasting
  6501 | D:7      | Reached skill level 5 in Evocations
  6653 | D:7      | Found a basalt altar of Yredelemnul.
  6773 | D:7      | Found a runed translucent door.
  6774 | D:7      | Noticed Crazy Yiuf
  6781 | D:7      | Killed Crazy Yiuf
  7139 | D:8      | Found a blossoming altar of Fedhas.
  7301 | D:8      | Found a hazy altar of Hepliaklqana.
  7678 | D:9      | Found a staircase to the Orcish Mines.
  8040 | D:9      | Noticed a moth of wrath
  8044 | D:9      | a moth of wrath changed into a redback
  8048 | D:9      | Noticed a lindwurm
  8048 | D:9      | a redback changed into a lindwurm
  8066 | D:9      | Noticed an elephant
  8066 | D:9      | a lindwurm changed into an elephant
  8069 | D:9      | Noticed a skeletal warrior
  8070 | D:9      | Noticed a death drake
  8070 | D:9      | an elephant changed into a death drake
  8153 | D:9      | Slain by a vampire

Illustrated notes

Levels and vault maps discovered:
D:1:      minmay_arrival_plants_in_alcoves, layout_basic
D:2:      layout_loops_corners, shapermc_ecumenical_altar_totnotflames,
          roderic_cross_of_infinity, kennysheep_nondescript,
          minmay_misc_feat_plants
D:3:      layout_loops_ring, trog_hazing_becter, nicolae_overflow_crystal_walls,
          mainiacjoe_overflow_alcove_4, gammafunk_ghost_grave, uniq_terence,
          uniq_ijyb
D:4:      gammafunk_cloud_chamber, layout_cave_pools, uniq_eustachio,
          uniq_sigmund
D:5:      layout_loops_cross, nicolae_gozag_zags_fifth_avenue,
          corexii_corridor_pit, chequers_serial_rivers_small_b,
          corexii_item_surrounded_by_moat
D:6:      cheibrodos_fertilizer, layout_loops_ring, kb_xom_exploding_sheep,
          grunt_temple_overflow_open, mainiacjoe_overflow_concentric_impassable,
          nicolae_dithmenos_shadow_blocks, kb_lookout_dungeons_type,
          minmay_fountain_box, lightli_corner_chamber
D:7:      layout_loops_ring, mainiacjoe_overflow_six_doors_small,
          minmay_temple_entry_stoned_glass, uniq_crazy_yiuf_cottage
D:8:      layout_loops_ring, overflow_temple_1_default,
          mainiacjoe_overflow_small_starburst, nicolae_two_hexagons
D:9:      layout_basic, david_orc_2, minmay_guarded_unrand_finisher

Skill      XL: |  1  2  3  4  5  6  7  8  9 10 |
---------------+-------------------------------+-----
Invocations    | 1 2 3 4 5 6 |  6.1
Long Blades    | 1 2 3 4 5 |  5.5
Axes           | 1 2 3 4 5 |  5.5
Maces & Flails | 1 2 3 4 5 |  5.5
Polearms       | 1 2 3 4 5 |  5.5
Staves         | 1 2 3 4 5 |  5.5
Slings         | 1 2 3 4 5 |  5.5
Bows           | 1 2 3 4 5 |  5.5
Crossbows      | 1 2 3 4 5 |  5.5
Throwing       | 1 2 3 4 5 |  5.5
Dodging        | 1 2 3 4 5 |  5.5
Stealth        | 1 2 3 4 5 |  5.5
Unarmed Combat | 1 2 3 4 5 |  5.5
Spellcasting   | 1 2 3 4 5 |  5.5
Evocations     | 1 2 3 4 5 |  5.5
Conjurations   | 1 2 3 4 |  4.6
Hexes          | 1 2 3 4 |  4.6
Summonings     | 1 2 3 4 |  4.6
Necromancy     | 1 2 3 4 |  4.6
Translocations | 1 2 3 4 |  4.6
Transmutations | 1 2 3 4 |  4.6
Fire Magic     | 1 2 3 4 |  4.6
Ice Magic      | 1 2 3 4 |  4.6
Air Magic      | 1 2 3 4 |  4.6
Earth Magic    | 1 2 3 4 |  4.6
Poison Magic   | 1 2 3 4 |  4.6
Short Blades   | 5 6 7 |  7.3
Fighting       | 7 8 |  8.7
Armour         | 7 8 |  8.7
Shields        | 7 8 |  8.7

Action                   |  1- 3 |  4- 6 |  7- 9 | 10-12 || total
-------------------------+-------+-------+-------+-------++-------
Melee: Rapier            |    89 |   178 |   448 |   140 ||   855
       Bite              |     8 |    22 |    84 |    69 ||   183
       Hand axe          |       |       |       |   168 ||   168
       Dagger            |       |       |       |    19 ||    19
 Fire: Hunting sling     |       |       |       |     1 ||     1
Throw: Boomerang         |       |     2 |     1 |       ||     3
  Use: Potion            |       |       |     1 |       ||     1
 Stab: Distracted        |       |     1 |     1 |     2 ||     4
       Sleeping          |       |       |     2 |     1 ||     3
Armor: Scale mail        |    28 |    61 |   170 |   106 ||   365
Dodge: Dodged            |    14 |    65 |   150 |    85 ||   314
Block: Kite shield       |    49 |   109 |   336 |   204 ||   698
